 Dungeon Crawl Stone Soup version 0.28.0-43-g3370ac3207 (webtiles) character file.

Game seed: 13733787322422437787

25 protoss039 the Gusty (level 2, -1/15 HPs)
             Began as a Deep Elf Air Elementalist on Mar 26, 2022.
             Slain by a bullfrog skeleton (4 damage)
             ... on level 3 of the Dungeon.
             The game lasted 00:02:41 (1945 turns).

protoss039 the Gusty (Deep Elf Air Elementalist)    Turns: 1945, Time: 00:02:41

Health: -1/15      AC:  2    Str:  5    XL:     2   Next: 82%
Magic:  3/8        EV: 13    Int: 19    God:
Gold:   128        SH:  0    Dex: 15    Spells: 4/7 levels left

rFire   . . .      SeeInvis .   e - +4 hand axe (vorpal)
rCold   . . .      Faith    .   (no shield)
rNeg    . . .      Spirit   .   a - +0 robe
rPois   .          Reflect  .   (no helmet)
rElec   .          Harm     .   (no cloak)
rCorr   .          Rampage  .   (no gloves)
Will    .....                   (no boots)
Stlth   ++........              (no amulet)
HPRegen 0.05/turn               (no ring)
MPRegen 0.11/turn               (no ring)

@: no status effects
A: no striking features
a: no special abilities


You were on level 3 of the Dungeon.
You visited 1 branch of the dungeon, and saw 3 of its levels.

You collected 128 gold pieces.

Inventory:

Hand Weapons
 e - a +4 vorpal hand axe (weapon)
Armour
 a - a +0 robe (worn)
Magical Staves
 b - a staff of fire
Scrolls
 c - a scroll of identify {unknown}
 d - a scroll of vulnerability {unknown}
 f - a scroll of silence {unknown}
 i - 3 scrolls of teleportation {unknown}
 j - a scroll of enchant weapon {unknown}
Potions
 g - a potion of mutation {unknown}
 h - a potion of cancellation {unknown}


   Skills:
 * Level 2.7 Dodging
 * Level 2.8 Stealth
 + Level 3.3 Spellcasting
 + Level 1.3 Conjurations
 + Level 3.5 Air Magic


You had 4 spell levels left.
You knew the following spells:

 Your Spells              Type           Power      Damage    Failure   Level
a - Shock                 Conj/Air       48%        1d6       5%          1
b - Static Discharge      Conj/Air       12%        N/A       9%          2

Your spell library contained the following spells:

 Spells                   Type           Power      Damage    Failure   Level
 Swiftness                Air            16%        N/A       11%         3
 Airstrike                Air            8%         N/A       34%         4


Dungeon Overview and Level Annotations

Branches:
Dungeon (3/15)

Altars:

Shops:
D:1 (


Message History

The bullfrog skeleton is moderately damaged.
The bullfrog skeleton hits you.
Casting: Shock (safe; 5% risk of failure)
Confirm with . or Enter, or press ? or * to list all spells.
The bullfrog skeleton is struck by an arc of lightning!
The bullfrog skeleton is severely damaged.
You are struck by an arc of lightning.
The lightning grounds out.
The bullfrog skeleton hits you.
Unknown command.
Casting: Static Discharge (safe; 9% risk of failure)
Confirm with . or Enter, or press ? or * to list all spells.
You don't have enough magic to cast this spell.
Unknown command.
Unknown command.
Casting: Static Discharge (safe; 9% risk of failure)
Confirm with . or Enter, or press ? or * to list all spells.
You don't have enough magic to cast this spell.
Unknown command.
Unknown command.
Unknown command.
The bullfrog skeleton closely misses you.
There is an open door here.
Casting: Static Discharge (safe; 9% risk of failure)
Confirm with . or Enter, or press ? or * to list all spells.
Aiming: Shock (safe; 5% risk of failure)
Press: ? - help, Shift-Dir - straight line, f/p - bullfrog skeleton
Aim: a bullfrog skeleton (severely damaged, 89% to hit)
Okay, then.
Casting: Shock (safe; 5% risk of failure)
Confirm with . or Enter, or press ? or * to list all spells.
Aiming: Shock (safe; 5% risk of failure)
Press: ? - help, Shift-Dir - straight line, p - bullfrog skeleton
Okay, then.
The bullfrog skeleton hits you.
* * * LOW HITPOINT WARNING * * *
There is an open door here.
The bullfrog skeleton closely misses you.
The bullfrog skeleton barely misses you.
The bullfrog skeleton hits you.
You die...

#.#.# #.#.# #.#.#
#.#.# #.#.##
######### #.#..#
........########.#.##
.§......+..........<#
..§§§§..########@#.##
P§8....>'......Z.#.#
.§P.§...#######..#.#
.§§.[...# #..#.#
....##'## ####.#
##§###.# #.# #§# #.#
#.# #.# #.# #.# #.#
#.#


You could see a bullfrog skeleton.

Vanquished Creatures
  A worm (D:2)
  A dart slug (D:2)
  A ball python (D:2)
  6 endoplasms
  A goblin (D:1)
  A hobgoblin (D:2)
  A kobold (D:1)
  A quokka (D:2)
  3 bats (D:1)
  A rat (D:2)
17 creatures vanquished.

Vanquished Creatures (others)
  2 withered plants (D:3)
2 creatures vanquished.

Grand Total: 19 creatures vanquished

Notes
Turn   | Place    | Note
-------+----------+-------------------------------------------
     0 | D:1      | protoss039 the Deep Elf Air Elementalist began the quest
                  | for the Orb.
     0 | D:1      | Reached XP level 1. HP: 10/10 MP: 6/6
   413 | D:1      | Reached XP level 2. HP: 14/15 MP: 8/8
   495 | D:1      | Found a faded altar of an unknown god.
   516 | D:1      | Found Liwom's Weapon Shop.
   714 | D:1      | Learned a level 2 spell: Static Discharge
  1945 | D:3      | Slain by a bullfrog skeleton

Illustrated notes

Levels and vault maps discovered:
D:1:      minmay_arrival_five_plusses, layout_loops_ring, serial_shops,
          nicolae_shop_hallway_plus, shapermc_ecumenical_altar_mp_vishouse
D:2:      layout_basic, grunt_decor_junction, glass_columns_b
D:3:      layout_basic, amcnicky_altar_gilded, serial_undead, serial_undead_b,
          serial_undead_d, serial_undead_b, serial_undead_c, serial_undead_e,
          serial_undead_b, serial_undead_e, guppyfry_early_lair_pool,
          uniq_crazy_yiuf_cottage, uniq_sigmund, uniq_natasha

Action                   || total
-------------------------++-------
Melee: Hand axe          ||    21
       Punch             ||     1
 Cast: Shock             ||    27
       Static Discharge  ||     3
 Stab: Sleeping          ||     4
Armor: Robe              ||     3
Dodge: Dodged            ||    17
